[Event "Titled Tuesday Blitz July 4 Early 2023"]
[White "Madaminov, Mukhiddin"]
[Black "Hambleton, Aman"]
[WhiteFideId "14210703"]
[BlackFideId "2606577"]
[WhiteElo "3002"]
[BlackElo "2782"]
[Result "0-1"]
[Round "11"]
[TimeControl "180+2"]
[Date "2023.07.04"]
[WhiteClock "0:01:13"]
[BlackClock "0:00:03"]
[Board "16"]

1. e4 b6 2. d4 Bb7 3. Nc3 e6 4. a3 g6 5. h4 h6 6. g3 Bg7 7. Bg2 Ne7 8. Nf3 d6 9. O-O a6 10. a4 Nd7 11. Re1 O-O 12. Be3 f5 13. exf5 Nxf5 14. Bf4 Bxf3 15. Qxf3 Nxd4 16. Qd3 g5 17. hxg5 hxg5 18. Bd2 Ne5 19. Rxe5 dxe5 20. Re1 Rc8 21. Ne4 Nf3+ 22. Bxf3 Qxd3 23. cxd3 Rxf3 24. Be3 g4 25. b4 Bf8 26. b5 axb5 27. axb5 Be7 28. Kg2 Rf7 29. Rc1 Rb8 30. Rxc7 Bc5 31. Rc6 Bxe3 32. fxe3 Ra8 33. Rxe6 Ra2+ 34. Kg1 Ra1+ 35. Kg2 Ra2+ 36. Kh1 Rh7+ 37. Kg1 Rc7 38. Rg6+ Kf7 39. Rf6+ Ke7 40. Rf1 Rcc2 41. Nf2 Rab2 42. e4 Rxb5 43. Nxg4 Rbb2 44. Ne3 Re2 45. Nc4 Rg2+ 46. Kh1 Rh2+ 47. Kg1 Rbg2# 0-1


[Site "https://www.chess.com"]

[Event "Titled Tuesday Blitz July 4 Early 2023"]
[White "Paravyan, David"]
[Black "Stribuk, Artiom"]
[WhiteFideId "4194985"]
[BlackFideId "13515659"]
[WhiteElo "2974"]
[BlackElo "2813"]
[Result "1-0"]
[Round "11"]
[TimeControl "180+2"]
[Date "2023.07.04"]
[WhiteClock "0:01:01"]
[BlackClock "0:00:03"]
[Board "18"]

1. e4 c5 2. a4 Nc6 3. Bb5 d6 4. f4 e6 5. Nf3 Ne7 6. O-O a6 7. Be2 d5 8. d3 Ng6 9. Qe1 Bd6 10. e5 Bc7 11. h4 h6 12. h5 Nge7 13. c3 b6 14. Qg3 Nf5 15. Qh3 Bb7 16. g4 Nfe7 17. Na3 Qd7 18. Bd2 f6 19. d4 O-O-O 20. b4 cxb4 21. cxb4 fxe5 22. fxe5 Rhf8 23. Nc2 Kb8 24. b5 Na5 25. bxa6 Bc6 26. Rfb1 Ka7 27. Na3 Bxa4 28. Bb5 Bxb5 29. Nxb5+ Ka8 30. Nh4 Nec6 31. Bxa5 Nxa5 32. Qc3 Nc4 33. Rb4 Rf4 34. Ng2 Rc8 35. Nxf4 1-0


[Site "https://www.chess.com"]

[Event "Titled Tuesday Blitz July 4 Early 2023"]
[White "Taspinar, Yanki"]
[Black "Makarian, Rudik"]
[WhiteFideId "34561188"]
[BlackFideId "44105681"]
[WhiteElo "2718"]
[BlackElo "2973"]
[Result "1-0"]
[Round "11"]
[TimeControl "180+2"]
[Date "2023.07.04"]
[WhiteClock "0:00:06"]
[BlackClock "0:00:07"]
[Board "19"]

1. Nf3 Nf6 2. g3 b5 3. Bg2 Bb7 4. O-O e6 5. b3 Be7 6. Bb2 O-O 7. d4 b4 8. a3 a5 9. Nbd2 d5 10. Ne5 Nbd7 11. Nd3 c5 12. dxc5 Nxc5 13. axb4 Nxd3 14. cxd3 Bxb4 15. Nf3 Qe7 16. Rc1 Ba3 17. Qd2 Bb4 18. Qf4 Rfc8 19. Ne5 Ba3 20. Rxc8+ Rxc8 21. Bd4 h6 22. Ra1 Bb4 23. Rc1 Qd8 24. Bf3 Bd6 25. Qd2 Rxc1+ 26. Qxc1 Nd7 27. Nxd7 Qxd7 28. Qc3 Bf8 29. Qxa5 Bc6 30. Kg2 f6 31. Bc5 Bxc5 32. Qxc5 Kf7 33. d4 Qb7 34. e3 Bb5 35. Bh5+ g6 36. Bd1 Bd3 37. b4 h5 38. h4 Qa6 39. Qc7+ Kf8 40. Qd8+ Kf7 41. Qd7+ Kf8 42. Bf3 Qa1 43. Qd8+ Kf7 44. Qd7+ Kf8 45. Kh2 Qf1 46. Qc8+ Kg7 47. Qc7+ Kf8 48. Qd6+ Kf7 49. Qc7+ Kf8 50. Qb8+ Kg7 51. Qa7+ Kh6 52. Qa2 g5 53. hxg5+ fxg5 54. Bg2 Qe1 55. Qb2 h4 56. gxh4 gxh4 57. b5 h3 58. Bxh3 Qa5 59. b6 Qa8 60. b7 Qb8+ 61. Kg1 Be4 62. Bg2 Qg8 63. f3 Bxf3 64. b8=Q 1-0


[Site "https://www.chess.com"]

[Event "Titled Tuesday Blitz July 4 Early 2023"]
[White "Amilal Munkhdalai"]
[Black "Durarbayli, Vasif"]
[WhiteFideId "4903250"]
[BlackFideId "13402935"]
[WhiteElo "2707"]
[BlackElo "2915"]
[Result "1/2-1/2"]
[Round "11"]
[TimeControl "180+2"]
[Date "2023.07.04"]
[WhiteClock "0:00:24"]
[BlackClock "0:00:32"]
[Board "20"]

1. e4 c5 2. Nf3 d6 3. d4 cxd4 4. Nxd4 Nf6 5. f3 Nc6 6. c4 e6 7. Nc3 Be7 8. Be3 O-O 9. Rc1 d5 10. cxd5 exd5 11. exd5 Nxd5 12. Nxd5 Qxd5 13. Nxc6 bxc6 14. Qxd5 cxd5 15. Bd4 Bf5 16. Kf2 Rfc8 17. Ba6 Rxc1 18. Rxc1 Bf6 19. Bxf6 gxf6 20. Ke3 Rb8 21. b3 Rb6 22. Bd3 d4+ 23. Kd2 Bg6 24. Rc4 Rd6 25. Ra4 Rd7 26. Bxg6 hxg6 27. Kd3 Kg7 28. Rxd4 Rc7 29. Rc4 Rd7+ 30. Kc3 g5 31. a4 f5 32. b4 Rd1 33. Kb2 f4 34. Rc2 f5 35. h3 Kf6 36. Kb3 Ke5 37. Kc4 Rb1 38. Kc5 Kf6 39. Re2 g4 40. hxg4 fxg4 41. fxg4 Kg5 42. a5 Kxg4 43. Ra2 Kg3 44. b5 Rg1 45. b6 axb6+ 46. axb6 Rxg2 47. Rxg2+ Kxg2 48. b7 f3 49. b8=Q f2 50. Qg8+ Kh2 51. Qh7+ Kg2 52. Qg6+ Kh2 53. Qh5+ Kg2 54. Qg4+ Kh2 55. Qe2 Kg2 56. Qe4+ Kg1 57. Qg4+ Kh2 58. Qf3 Kg1 59. Qg3+ Kh1 60. Qh3+ Kg1 61. Qg4+ Kh1 62. Qd1+ Kg2 63. Qe2 Kg1 64. Qg4+ 1/2-1/2


[Site "https://www.chess.com"]

[Event "Titled Tuesday Blitz July 4 Early 2023"]
[White "Koellner, Ruben Gideon"]
[Black "Demchenko, Anton"]
[WhiteFideId "12993093"]
[BlackFideId "4160258"]
[WhiteElo "2668"]
[BlackElo "2893"]
[Result "1-0"]
[Round "11"]
[TimeControl "180+2"]
[Date "2023.07.04"]
[WhiteClock "0:00:28"]
[BlackClock "0:00:00"]
[Board "21"]

1. d4 Nf6 2. Nf3 d6 3. Nbd2 g6 4. e4 Bg7 5. Bc4 O-O 6. O-O Nc6 7. c3 e5 8. dxe5 dxe5 9. Qe2 Nh5 10. g3 Qe7 11. a4 Bh3 12. Re1 Rfd8 13. Nf1 Be6 14. Bg5 Bf6 15. Be3 Ng7 16. Red1 Na5 17. Bxe6 Qxe6 18. N3d2 b6 19. b4 Nb3 20. Rab1 Nxd2 21. Nxd2 a5 22. b5 Qa2 23. Ra1 Qe6 24. Kg2 Ne8 25. Qc4 Qxc4 26. Nxc4 Kf8 27. Kf3 Ke7 28. Ke2 Ke6 29. f3 h5 30. Rxd8 Rxd8 31. Rd1 Rxd1 32. Kxd1 Be7 33. Kc2 Nf6 34. Nxb6 cxb6 35. Bxb6 Nd7 36. Bxa5 Nc5 37. Bb4 Nxa4 38. Kb3 Nc5+ 39. Kc4 Nd7 40. Bxe7 Kxe7 41. Kd5 Nb6+ 42. Kc6 Nc4 43. b6 Kd8 44. b7 Na5+ 45. Kb6 Nc4+ 46. Ka7 1-0


[Site "https://www.chess.com"]

[Event "Titled Tuesday Blitz July 4 Early 2023"]
[White "Ibarra Jerez, Jose Carlos"]
[Black "Petrosian, Karlen"]
[WhiteFideId "2226332"]
[BlackFideId "4176146"]
[WhiteElo "2893"]
[BlackElo "2688"]
[Result "0-1"]
[Round "11"]
[TimeControl "180+2"]
[Date "2023.07.04"]
[WhiteClock "0:00:00"]
[BlackClock "0:00:22"]
[Board "22"]

1. e4 e6 2. d4 d5 3. Nc3 Nf6 4. Bg5 dxe4 5. Nxe4 Be7 6. Bxf6 gxf6 7. Nf3 f5 8. Nc3 a6 9. Qd2 b5 10. O-O-O Bb7 11. d5 b4 12. Bc4 bxc3 13. Qxc3 e5 14. Nxe5 O-O 15. Qg3+ Kh8 16. d6 Bxd6 17. Nxf7+ Rxf7 18. Bxf7 Nd7 19. Qb3 Rb8 20. Rhe1 Be4 21. Qc3+ Qf6 22. Qxf6+ Nxf6 23. f3 Bc6 24. Be6 f4 25. Bc4 Kg7 26. Re6 Bb5 27. Bb3 Bd7 28. Re2 a5 29. Be6 Bxe6 30. Rxe6 Kf7 31. Re2 h5 32. Rd4 h4 33. c3 Rg8 34. h3 Rg5 35. Kc2 Rf5 36. c4 Bc5 37. Rd8 Be3 38. Rh8 Nh5 39. Rh7+ Ke6 40. Rxc7 Ng3 41. Re1 Rg5 42. Rd1 Nf5 43. Rc6+ Ke7 44. Kc3 Rxg2 45. Rd5 Ng3 46. Rb5 Ne2+ 47. Kd3 Nc1+ 48. Ke4 Kd7 49. Rh6 Kc7 50. Rf5 Rg7 51. Rxa5 Rd7 52. Rd5 Re7+ 53. Kf5 Nxa2 54. Rxh4 Nb4 55. Re5 Rf7+ 56. Ke4 Nc6 57. Rf5 Re7+ 58. Kd3 Rd7+ 59. Kc3 Bd2+ 60. Kc2 Nd4+ 61. Kd3 Nxf5+ 62. Ke4 Nxh4 0-1


[Site "https://www.chess.com"]

[Event "Titled Tuesday Blitz July 4 Early 2023"]
[White "Fisher_TheGalactic"]
[Black "Ter-Sahakyan, Samvel"]
[BlackFideId "13302531"]
[WhiteElo "2638"]
[BlackElo "2872"]
[Result "1-0"]
[Round "11"]
[TimeControl "180+2"]
[Date "2023.07.04"]
[WhiteClock "0:00:39"]
[BlackClock "0:00:00"]
[Board "23"]

1. Nf3 d5 2. g3 g6 3. Bg2 Bg7 4. O-O e5 5. d3 Nc6 6. e4 dxe4 7. dxe4 Qxd1 8. Rxd1 Bg4 9. c3 Nf6 10. Nbd2 O-O 11. h3 Be6 12. Ng5 Bc8 13. Ngf3 Rd8 14. Re1 a5 15. Nc4 Ne8 16. Bg5 f6 17. Bd2 Be6 18. Ne3 Nd6 19. Nd5 Rac8 20. Rad1 Nxe4 21. Nxc7 Rxc7 22. Rxe4 Bxa2 23. Ree1 Bb3 24. Ra1 Rcd7 25. Be3 a4 26. Bf1 Ra8 27. Nd2 Bf7 28. Nc4 Bxc4 29. Bxc4+ Kf8 30. Bb5 a3 31. bxa3 Ke8 32. a4 Bf8 33. Bb6 Be7 34. Red1 Bd8 35. Rxd7 Kxd7 36. Rd1+ Ke7 37. Bc5+ Ke8 38. Rd6 Rc8 39. a5 Bxa5 40. Rxf6 Bxc3 41. Rf8+ Kd7 42. Rf7+ Ke8 43. Rxb7 Bd4 44. Bd6 h5 45. Rg7 Kd8 46. Rg8+ 1-0


[Site "https://www.chess.com"]

[Event "Titled Tuesday Blitz July 4 Early 2023"]
[White "Rahman, Masruri"]
[Black "Fantastic_Power"]
[WhiteFideId "7101163"]
[WhiteElo "2847"]
[BlackElo "2632"]
[Result "0-1"]
[Round "11"]
[TimeControl "180+2"]
[Date "2023.07.04"]
[WhiteClock "0:00:03"]
[BlackClock "0:00:05"]
[Board "24"]

1. d4 Nf6 2. Bf4 e6 3. e3 d5 4. Nd2 c5 5. c3 Nc6 6. Ngf3 Bd6 7. Bg3 O-O 8. Bd3 b6 9. e4 Be7 10. e5 Nh5 11. a3 g6 12. Qe2 Bb7 13. Qe3 Qd7 14. O-O cxd4 15. cxd4 Nxg3 16. hxg3 Rfc8 17. Rfc1 Na5 18. b4 Nc6 19. Nf1 Rc7 20. g4 Rac8 21. Ng3 Nb8 22. Qh6 Bf8 23. Qf4 Ba6 24. Rxc7 Rxc7 25. Bxa6 Nxa6 26. Rc1 Rxc1+ 27. Qxc1 Nc7 28. g5 Be7 29. Nh2 Nb5 30. Qf4 Qd8 31. Nf3 Nxa3 32. Nf1 Bxb4 33. Ne3 Be7 34. Ng4 Qf8 35. Nh6+ Kg7 36. Qh4 Nc4 37. Ng4 a5 38. Nf6 Bxf6 39. gxf6+ Kg8 40. Nh2 h6 41. Ng4 Kh7 42. Qg3 a4 43. Qc3 a3 44. Qb3 Qa8 45. Qa2 b5 46. Qa1 a2 47. Qc1 a1=Q 0-1


[Site "https://www.chess.com"]

[Event "Titled Tuesday Blitz July 4 Early 2023"]
[White "Goryachkina, Aleksandra"]
[Black "Chor, Kevin"]
[WhiteFideId "4147103"]
[BlackFideId "2090740"]
[WhiteElo "2729"]
[BlackElo "2511"]
[Result "1-0"]
[Round "11"]
[TimeControl "180+2"]
[Date "2023.07.04"]
[WhiteClock "0:00:48"]
[BlackClock "0:00:00"]
[Board "25"]

1. e4 c5 2. Nf3 Nc6 3. Bb5 Qb6 4. Nc3 e6 5. O-O Nf6 6. Re1 Be7 7. e5 Nd5 8. Bc4 Nxc3 9. dxc3 O-O 10. Bd3 g6 11. b3 Rd8 12. Bg5 d6 13. exd6 Rxd6 14. Bxe7 Nxe7 15. Ng5 Nf5 16. Qf3 Qc7 17. Bxf5 exf5 18. Re8+ Kg7 19. Rae1 h6 20. R8e7 Qxe7 21. Rxe7 hxg5 22. h3 Rb8 23. Qe3 1-0


[Site "https://www.chess.com"]

[Event "Titled Tuesday Blitz July 4 Early 2023"]
[White "Zavgorodniy, Sergiy"]
[Black "Shimanov, Aleksandr"]
[WhiteFideId "14110148"]
[BlackFideId "4198603"]
[WhiteElo "2587"]
[BlackElo "2900"]
[Result "0-1"]
[Round "11"]
[TimeControl "180+2"]
[Date "2023.07.04"]
[WhiteClock "0:00:03"]
[BlackClock "0:00:06"]
[Board "26"]

1. e4 g6 2. d4 d6 3. Nc3 Nf6 4. Nge2 Bg7 5. g3 O-O 6. Bg2 c5 7. d5 Nbd7 8. O-O a6 9. a4 Rb8 10. a5 Ne8 11. Be3 Nc7 12. Qd2 b5 13. axb6 Nxb6 14. b3 Bd7 15. h4 Nb5 16. h5 Ra8 17. Bh6 Bxh6 18. Qxh6 Be8 19. Bf3 Nd4 20. Nxd4 cxd4 21. Ne2 Bb5 22. Kg2 Bxe2 23. Bxe2 Nd7 24. hxg6 fxg6 25. Bg4 Rf6 26. Be6+ Kh8 27. Rh1 Nf8 28. Rh4 g5 29. Qxg5 Nxe6 30. dxe6 Qg8 31. Qxg8+ Kxg8 32. Rd1 Raf8 33. Rd2 Rc8 34. Rh5 Rxe6 35. f3 Rc3 36. Rd5 Rf6 37. R5xd4 Rfxf3 38. R4d3 Rfxd3 39. cxd3 Rxb3 40. Kf3 a5 41. Ke3 a4 42. Rc2 Rb8 0-1


[Site "https://www.chess.com"]

[Event "Titled Tuesday Blitz July 4 Early 2023"]
[White "Cherniaiev, Tykhon"]
[Black "Grandelius, Nils"]
[WhiteFideId "14182360"]
[BlackFideId "1710400"]
[WhiteElo "2700"]
[BlackElo "2888"]
[Result "1-0"]
[Round "11"]
[TimeControl "180+2"]
[Date "2023.07.04"]
[WhiteClock "0:00:09"]
[BlackClock "0:00:08"]
[Board "27"]

1. Nf3 c6 2. d4 d5 3. c4 e6 4. e3 Bd6 5. Nbd2 f5 6. Bd3 Qf6 7. b3 Nh6 8. Bb2 O-O 9. Qc2 Nd7 10. h3 Nf7 11. g4 g6 12. O-O-O a5 13. Rdg1 Kh8 14. h4 a4 15. h5 axb3 16. axb3 g5 17. gxf5 e5 18. dxe5 Ndxe5 19. Kb1 h6 20. Nh4 Ba3 21. Ba1 Bb4 22. Bb2 Ba3 23. Ba1 Bb4 24. Bb2 Bxd2 25. Qxd2 gxh4 26. Rg6 Qxf5 27. Bxf5 Bxf5+ 28. Kc1 Kh7 29. Rhg1 Nxg6 30. hxg6+ Bxg6 31. Rxg6 Kxg6 32. Qd3+ Kh5 33. Qe2+ Kg6 34. Qd3+ Kg5 35. f4+ Kg4 36. Qg6+ Kf3 37. Qh5+ Kxe3 38. Qxh4 Nd6 39. Qg3+ Ke4 40. Qg2+ Kf5 41. Qh3+ Ke4 42. Qh1+ Ke3 43. Qh3+ Kf2 44. Bd4+ Ke2 45. Qe3+ Kf1 46. Qf2# 1-0


[Site "https://www.chess.com"]

[Event "Titled Tuesday Blitz July 4 Early 2023"]
[White "Zhigalko, Sergei"]
[Black "Quintiliano Pinto, Renato R."]
[WhiteFideId "13502956"]
[BlackFideId "2117568"]
[WhiteElo "2882"]
[BlackElo "2700"]
[Result "1-0"]
[Round "11"]
[TimeControl "180+2"]
[Date "2023.07.04"]
[WhiteClock "0:00:05"]
[BlackClock "0:00:00"]
[Board "28"]

1. e4 c5 2. Nf3 d6 3. d4 cxd4 4. Qxd4 Nc6 5. Bb5 Bd7 6. Bxc6 Bxc6 7. Nc3 Nf6 8. Bg5 e6 9. O-O-O Be7 10. Rhe1 O-O 11. Kb1 b5 12. Bxf6 Bxf6 13. Qxd6 Qb6 14. Ne5 Rac8 15. Nd7 Bxd7 16. Qxb6 axb6 17. Rxd7 Bxc3 18. bxc3 Rxc3 19. Red1 Rc4 20. R1d4 f5 21. e5 f4 22. Rxc4 bxc4 23. Rd6 b5 24. Rxe6 f3 25. gxf3 Rxf3 26. Rb6 Rxf2 27. Rxb5 c3 28. a4 Rxh2 29. a5 Kf7 30. a6 Rh4 31. Ra5 Rb4+ 32. Ka2 Rb8 33. a7 Ra8 34. Kb3 Ke6 35. Kxc3 h5 36. Kd4 h4 37. Ke4 h3 38. Ra6+ Kf7 39. Kf3 g5 40. Kg3 g4 41. c4 Ke7 42. c5 Kd7 43. Kh2 Kc7 44. e6 Kb7 45. Ra2 Kc6 46. Kg3 1-0


[Site "https://www.chess.com"]

[Event "Titled Tuesday Blitz July 4 Early 2023"]
[White "Goltsev, Dmitry"]
[Black "Radzhabov, Rodion"]
[WhiteFideId "24176710"]
[BlackFideId "884715"]
[WhiteElo "2824"]
[BlackElo "2672"]
[Result "1-0"]
[Round "11"]
[TimeControl "180+2"]
[Date "2023.07.04"]
[WhiteClock "0:01:54"]
[BlackClock "0:00:00"]
[Board "29"]

1. e4 c5 2. Nf3 e6 3. d4 cxd4 4. Nxd4 Nc6 5. Nc3 Qc7 6. Be2 a6 7. Be3 Nf6 8. O-O Bb4 9. f3 d5 10. exd5 exd5 11. a3 Bxc3 12. bxc3 O-O 13. Qd2 Re8 14. Rfe1 Be6 15. Rab1 Na5 16. Nxe6 Rxe6 17. Bd4 Rae8 18. Bd3 Nc4 19. Bxc4 Qxc4 20. Rxe6 Rxe6 21. Rxb7 Re2 22. Rb8+ Ne8 23. Qd3 Qxd3 24. cxd3 f6 25. Kf1 Re6 26. Rd8 Kf7 27. Rxd5 Nd6 28. Rc5 Nb5 29. a4 Na3 30. Rc7+ Kg6 31. g4 Nc2 32. f4 Kh6 33. Bc5 1-0


[Site "https://www.chess.com"]

[Event "Titled Tuesday Blitz July 4 Early 2023"]
[White "Williams, Simon K"]
[Black "Kantor, Gergely"]
[WhiteFideId "404454"]
[BlackFideId "751499"]
[WhiteElo "2692"]
[BlackElo "2811"]
[Result "0-1"]
[Round "11"]
[TimeControl "180+2"]
[Date "2023.07.04"]
[WhiteClock "0:00:14"]
[BlackClock "0:00:58"]
[Board "30"]

1. e4 e6 2. d4 d5 3. e5 b6 4. c3 Qd7 5. h4 Ne7 6. h5 h6 7. a4 a5 8. Na3 Ba6 9. Bxa6 Nxa6 10. Nf3 c5 11. Nb5 Nc6 12. O-O Nc7 13. Nxc7+ Qxc7 14. c4 Rd8 15. dxc5 Bxc5 16. Qe2 dxc4 17. Qxc4 Nxe5 18. Nxe5 Qxe5 19. Bf4 Qd5 20. Qb5+ Qd7 21. Qe2 O-O 22. Qg4 Qd4 23. Qg3 Qd3 24. Qg4 Rd4 25. Rad1 Qe4 26. Rxd4 Bxd4 27. Qg3 Bxb2 28. Bxh6 Be5 29. f4 Bd4+ 30. Kh1 Qe2 31. Re1 Qxh5+ 0-1


[Site "https://www.chess.com"]

[Event "Titled Tuesday Blitz July 4 Early 2023"]
[White "Ahmad, Khagan"]
[Black "Rustemov, Alexander"]
[WhiteFideId "13431552"]
[BlackFideId "4119002"]
[WhiteElo "2665"]
[BlackElo "2792"]
[Result "0-1"]
[Round "11"]
[TimeControl "180+2"]
[Date "2023.07.04"]
[WhiteClock "0:00:00"]
[BlackClock "0:00:17"]
[Board "31"]

1. e4 e6 2. d4 d5 3. Nd2 dxe4 4. Nxe4 Bd7 5. Nf3 Bc6 6. Bd3 Nd7 7. O-O Ngf6 8. Ned2 Be7 9. b3 O-O 10. Bb2 b6 11. c4 Bb7 12. Qe2 c5 13. Rad1 Re8 14. Bb1 Qc7 15. Rfe1 Rad8 16. dxc5 bxc5 17. Ne5 Nxe5 18. Bxe5 Qc6 19. Nf3 h6 20. h3 a5 21. Qc2 Kf8 22. Bxf6 Bxf6 23. Qh7 Rxd1 24. Rxd1 Ke7 25. Re1 Rd8 26. Be4 Qc7 27. Bxb7 Qxb7 28. Qc2 Qd7 29. Qe4 a4 30. Ne5 Bxe5 31. Qxe5 Qd4 32. bxa4 Qxe5 33. Rxe5 Kd6 34. Re3 Kc6 35. a5 Rd1+ 36. Kh2 Rd2 37. Rf3 f6 38. Re3 e5 39. Rg3 Rd7 40. Rb3 Rd2 41. Rg3 Rxa2 42. Rxg7 Kd6 43. f3 Rxa5 44. Rg6 Ke6 45. Rxh6 Ra4 46. Rh4 f5 47. g4 f4 48. Rh6+ Kf7 49. g5 Rxc4 50. h4 Rc1 51. Kh3 Rg1 52. Rc6 Rg3+ 53. Kh2 Rxf3 54. Rxc5 Ke6 55. h5 Rg3 56. g6 Kf5 57. Rc1 Rg5 0-1


[Site "https://www.chess.com"]

[Event "Titled Tuesday Blitz July 4 Early 2023"]
[White "Gorovets, Andrey"]
[Black "Hilary46"]
[WhiteFideId "13504037"]
[WhiteElo "2765"]
[BlackElo "2649"]
[Result "1-0"]
[Round "11"]
[TimeControl "180+2"]
[Date "2023.07.04"]
[WhiteClock "0:00:29"]
[BlackClock "0:00:00"]
[Board "32"]

1. d4 d5 2. c4 c6 3. Nf3 Nf6 4. Nc3 e6 5. g3 Nbd7 6. Qd3 Bd6 7. Bg2 O-O 8. O-O dxc4 9. Qxc4 e5 10. Rd1 Qe7 11. e4 exd4 12. Nxd4 Ne5 13. Qe2 Bc5 14. h3 Rd8 15. Be3 Be6 16. b3 Bd7 17. Rac1 Bb6 18. f4 Ng6 19. e5 Ne8 20. Na4 Bxd4 21. Bxd4 Be6 22. Qf2 Bd5 23. Bxa7 Bxg2 24. Kxg2 Rxd1 25. Rxd1 Nc7 26. Nb6 Rd8 27. Rxd8+ Qxd8 28. Nc4 Qd5+ 29. Kh2 Nb5 30. Be3 h5 31. a4 Nc3 32. Qd2 Nd1 33. Bb6 h4 34. Qxd5 cxd5 35. Nd6 hxg3+ 36. Kxg3 Nc3 37. Nxb7 d4 38. Nc5 Ne2+ 39. Kf3 Nexf4 40. Ke4 Nxh3 41. a5 Ng5+ 42. Kxd4 Ne7 43. a6 Nc6+ 44. Ke3 Kf8 45. a7 Nxa7 46. Bxa7 Ke7 47. Bb8 1-0


[Site "https://www.chess.com"]

[Event "Titled Tuesday Blitz July 4 Early 2023"]
[White "Tan, Jun Ying"]
[Black "Gunina, Valentina"]
[WhiteFideId "5710413"]
[BlackFideId "4167570"]
[WhiteElo "2646"]
[BlackElo "2759"]
[Result "1-0"]
[Round "11"]
[TimeControl "180+2"]
[Date "2023.07.04"]
[WhiteClock "0:00:06"]
[BlackClock "0:00:03"]
[Board "33"]

1. d4 d5 2. c4 c6 3. Nf3 Nf6 4. Nc3 dxc4 5. e4 b5 6. Be2 e6 7. O-O Be7 8. a4 b4 9. e5 bxc3 10. exf6 Bxf6 11. bxc3 O-O 12. Bxc4 Ba6 13. Bxa6 Nxa6 14. Qe2 Qa5 15. Bf4 Nc7 16. Bd6 Rfd8 17. Bb4 Qh5 18. Qc4 Nd5 19. Qxc6 a5 20. Bc5 Nxc3 21. Kh1 Rdc8 22. Qb7 Rab8 23. Qa6 Ne4 24. Rac1 Nxc5 25. dxc5 Rxc5 26. Qa7 Rbc8 27. Rxc5 Qxc5 28. Qd7 g6 29. h3 h5 30. Kg1 Kg7 31. Rb1 Qc6 32. Rb7 Qxd7 33. Rxd7 Rc4 34. Ra7 Rxa4 35. g3 Ra2 36. Kg2 a4 37. g4 hxg4 38. hxg4 g5 39. Ra5 Kg6 40. Ra8 a3 41. Rg8+ Kh7 42. Rf8 Kg7 43. Ra8 Ra1 44. Ra5 Kg6 45. Ra8 Be7 46. Rg8+ Kh7 47. Re8 Bb4 48. Ra8 Kg6 49. Ra4 Rb1 50. Ne5+ Kf6 51. Nd7+ Kg7 52. Ne5 Bc3 53. Nd3 Rd1 54. Nc5 Bb2 55. Ra7 Rd4 56. Nxe6+ Kf6 57. Nxd4 Bxd4 58. Rxa3 Ke5 59. Ra5+ Kf4 60. Rf5+ Kxg4 61. Rxf7 Be5 62. Rb7 Bf4 63. Rb4 Kh4 64. Rb5 Kg4 65. Rb7 Kh4 66. Rh7+ Kg4 67. f3+ Kf5 68. Kh3 Be5 69. Rb7 Kf4 70. Rf7+ Ke3 71. Kg4 Bf4 72. Re7+ Kf2 73. Re4 Bd2 74. Rd4 Be3 75. Rd3 Bf4 76. Rd5 Be3 77. Rb5 Bf4 78. Rb3 Ke2 79. Kf5 Kf2 80. Ke4 Kg3 81. Rb1 Kg2 82. Rb2+ Kg3 83. Rb5 Kg2 84. Rf5 Kg3 85. Rf8 Bd2 86. Rd8 Bf4 87. Rd1 Kg2 88. Rd3 Kg3 89. Kf5 Kh3 90. Rd7 Kg3 91. Rd3 Kh3 92. Kg6 Kg3 93. Kh5 Bc1 94. Rc3 Bf4 95. Rb3 Bd2 96. Kg6 Bf4 97. Ra3 Kh3 98. Kf5 Kg3 99. Ke4 Kg2 100. Ra2+ Kg3 101. Ra6 Bd2 102. Rd6 Bf4 103. Rf6 Bd2 104. Rf5 Bf4 105. Rf7 Bd2 106. Rd7 Bf4 107. Rd8 Bc1 108. Rd3 Bf4 109. Rb3 Kg2 110. Kf5 Kg3 111. Rc3 Kh3 112. Rd3 Kg3 113. Rb3 Kh3 114. Rb4 Kg3 115. Rxf4 gxf4 116. Ke4 1-0


[Site "https://www.chess.com"]

[Event "Titled Tuesday Blitz July 4 Early 2023"]
[White "MKlose11"]
[Black "Atakhan, Abtin"]
[BlackFideId "22502203"]
[WhiteElo "2645"]
[BlackElo "2759"]
[Result "1/2-1/2"]
[Round "11"]
[TimeControl "180+2"]
[Date "2023.07.04"]
[WhiteClock "0:00:17"]
[BlackClock "0:00:14"]
[Board "34"]

1. e4 c5 2. Nc3 Nc6 3. d3 g6 4. g3 Bg7 5. Bg2 d6 6. Be3 e5 7. Qd2 Nge7 8. Bh6 Bxh6 9. Qxh6 Nd4 10. Qd2 Be6 11. Nge2 Qd7 12. O-O h5 13. h4 b5 14. f4 b4 15. Nd1 Nxe2+ 16. Qxe2 Bg4 17. Qf2 Bxd1 18. fxe5 Nc6 19. e6 Qxe6 20. e5 d5 21. Raxd1 O-O 22. Qxc5 Rfd8 23. d4 Rac8 24. Qb5 Qg4 25. Qd3 Ne7 26. Rf4 Qd7 27. Rdf1 Rf8 28. Kh2 Rc6 29. R1f2 Qc7 30. Rf6 Rxf6 31. Rxf6 Rc8 32. Rf2 Rd8 33. Bh3 Nc6 34. Rf6 Ne7 35. c3 bxc3 36. bxc3 Rb8 37. Rf2 Qa5 38. Qf3 Rf8 39. Qf6 Qc7 40. e6 Nc6 41. exf7+ Kh7 42. Be6 Ne7 43. Qe5 Qxc3 44. Bxd5 Nxd5 45. Qxd5 Qe3 46. Rf3 Qe2+ 47. Kh3 Qe7 48. Qe5 Qb7 49. Qf6 Qb1 50. Kg2 Qxa2+ 51. Rf2 Qd5+ 52. Qf3 Qd6 53. Qf4 Qd5+ 54. Qf3 Qd6 55. d5 a5 56. Qf4 Qxd5+ 57. Kh2 a4 58. Qf6 a3 59. Re2 a2 60. Re8 Qxf7 61. Rxf8 Qxf8 62. Qxf8 a1=Q 63. Qe7+ Qg7 64. Qe2 Qf7 65. Qg2 Kg7 66. Qe2 Qf5 67. Qb2+ Qf6 68. Qg2 Qe5 69. Qf2 Qd5 70. Qg2 Qe5 71. Qf2 Qe6 72. Qd4+ Qf6 73. Qa7+ Qf7 74. Qe3 Kh7 75. Qg5 Qd7 76. Qe3 Qd5 77. Qa7+ Kg8 78. Qb8+ Kf7 79. Qc7+ Kf6 80. Qb6+ Kf5 81. Qb1+ Qe4 82. Qd1 Ke5 83. Qd8 Qe2+ 84. Kh3 Qg4+ 85. Kh2 Ke4 86. Qa8+ Ke3 87. Qa7+ Ke2 88. Qa6+ Kf3 89. Qc6+ Qe4 90. Qf6+ Ke3 91. Qg5+ Ke2 92. Qf6 Qc2 93. Qf4 Ke1+ 94. Kh3 Qd3 95. Kh2 Qe2+ 96. Kh3 Qf1+ 97. Qxf1+ Kxf1 98. g4 Kf2 99. gxh5 gxh5 100. Kh2 Kf3 101. Kh3 Kf4 102. Kg2 Kg4 103. Kh2 Kxh4 104. Kg2 Kg4 105. Kh2 h4 106. Kg2 Kf4 107. Kh2 Kg4 108. Kg2 h3+ 109. Kh2 Kh4 110. Kg1 Kg3 111. Kh1 h2 1/2-1/2


[Site "https://www.chess.com"]

[Event "Titled Tuesday Blitz July 4 Early 2023"]
[White "Sowa, Ryan"]
[Black "Postny, Evgeny"]
[WhiteFideId "30901693"]
[BlackFideId "2804344"]
[WhiteElo "2578"]
[BlackElo "2746"]
[Result "0-1"]
[Round "11"]
[TimeControl "180+2"]
[Date "2023.07.04"]
[WhiteClock "0:01:03"]
[BlackClock "0:00:37"]
[Board "35"]

1. Nf3 Nf6 2. b3 g6 3. Bb2 Bg7 4. g3 O-O 5. Bg2 d6 6. d4 Nc6 7. O-O e5 8. dxe5 Nd7 9. c4 Ndxe5 10. Nxe5 Nxe5 11. Nc3 Re8 12. Qd2 Rb8 13. Rac1 Bg4 14. h3 Bf5 15. e4 Bxh3 16. f4 Bxg2 17. Kxg2 Ng4 18. Rce1 h5 19. Nd5 Bxb2 20. Qxb2 c6 21. Ne3 Qd7 22. f5 Rxe4 23. Nxg4 Rxg4 24. Qf6 Re8 25. fxg6 Rxg6 26. Qf4 Ree6 27. Rh1 Qe7 28. Ref1 Ref6 29. Qd4 Qe2+ 30. Rf2 Rxf2+ 31. Qxf2 Qxf2+ 32. Kxf2 Rg5 33. Rd1 d5 34. Kf3 Kg7 35. cxd5 Rxd5 36. Re1 Rf5+ 37. Kg2 Kf6 38. Rd1 Rd5 39. Rf1+ Ke6 40. Rf2 a5 41. Kh3 Rd4 42. Rc2 Kd6 43. Rf2 Ke6 44. Rc2 f6 45. Rc5 Rd5 46. Rc2 Kd6 47. Rf2 Ke7 48. Re2+ Kf7 49. Rc2 c5 50. Re2 b6 51. Rc2 Rd4 52. Rf2 a4 53. bxa4 Rxa4 54. Rb2 Rb4 55. Re2 f5 56. Rd2 Ke6 57. Re2+ Kd5 58. Rf2 Ke5 59. Re2+ Kd4 60. Rf2 Ke4 61. Rf4+ Ke5 62. Rf2 Ra4 63. Re2+ Kf6 64. Rb2 Ra6 65. Kh4 Kg6 66. Re2 Ra4+ 67. Kh3 Rb4 68. Re6+ Kg5 69. Re8 b5 70. Rg8+ Kf6 71. Rh8 Kg6 72. Rg8+ Kf7 73. Rg5 Kf6 74. Rxh5 Ra4 75. Rh6+ Ke5 76. Rc6 Kd5 77. Rb6 Kc4 78. Rf6 Rxa2 79. Rxf5 b4 80. g4 b3 81. Rf8 b2 82. Rb8 Ra3+ 83. Kh4 Rb3 84. Rxb3 Kxb3 85. g5 b1=Q 86. Kh5 Qh7+ 87. Kg4 Qg6 88. Kf4 Kc4 89. Kg4 Kd4 90. Kf4 c4 91. Kg4 Ke4 92. Kh4 Kf4 93. Kh3 Qxg5 94. Kh2 Qg6 95. Kh1 Qg7 96. Kh2 Qg8 97. Kh3 c3 98. Kh2 Ke4 99. Kh1 Kd4 100. Kh2 Kc4 101. Kh3 Kb4 102. Kh4 Ka4 103. Kh5 Ka5 104. Kh6 Ka6 105. Kh5 Ka7 106. Kh4 Ka8 107. Kh3 Qg1 108. Kh4 c2 109. Kh5 Ka7 110. Kh4 Ka6 111. Kh5 Ka5 112. Kh4 Ka4 113. Kh3 Ka3 114. Kh4 Ka2 115. Kh5 Ka1 116. Kh6 Kb1 117. Kh7 Kc1 118. Kh6 Kd2 119. Kh5 Ke2 120. Kh6 Ke3 121. Kh7 c1=Q 122. Kh8 Qd2 123. Kh7 Qe2 124. Kh6 Qgg2 125. Kh7 Kf2 126. Kh8 Qef1 127. Kh7 Kg1 128. Kh8 Kh2 129. Kh7 Qfh1 130. Kh8 Kg1# 0-1


[Site "https://www.chess.com"]